 Dungeon Crawl Stone Soup version 0.30-a0-368-g86fb4627a9 (webtiles) character file.

Game seed: 1751555233470941518

32 qeuew the Poker (level 3, 0/28 HPs)
             Began as a Merfolk Gladiator on Nov 20, 2022.
             Slain by a goblin
             ... wielding a +0 dagger
             ... led by Robin
              (1 damage)
             ... on level 2 of the Dungeon.
             The game lasted 00:01:13 (1052 turns).

qeuew the Poker (Merfolk Gladiator)                 Turns: 1052, Time: 00:01:13

Health: 0/28       AC:  4    Str: 14    XL:     3   Next: 25%
Magic:  3/3        EV: 13    Int:  7    God:
Gold:   72         SH:  0    Dex: 17    Spells: 2/2 levels left

rFire   . . .      SeeInvis .    a - +0 trident
rCold   . . .      Faith    .    (no shield)
rNeg    . . .      Spirit   .    b - +0 leather armour
rPois   .          Reflect  .    c - +0 helmet
rElec   .          Harm     .    (no cloak)
rCorr   .          Rampage  .    (no gloves)
Will    .....                    (no boots)
Stlth   +.........               (no amulet)
HPRegen 0.24/turn                (no ring)
MPRegen 0.08/turn                (no ring)

@: no status effects
A: (nimble swimmer 2), mertail
a: no special abilities


You were on level 2 of the Dungeon.
You visited 1 branch of the dungeon, and saw 2 of its levels.

You collected 72 gold pieces.

Inventory:

Hand Weapons
 a - a +0 trident (weapon)
Missiles
 d - 3 throwing nets (quivered)
 e - a javelin
Armour
 b - a +0 leather armour (worn)
 c - a +0 helmet (worn)
Scrolls
 f - a scroll of teleportation


   Skills:
 + Level 2.5 Fighting
 * Level 4.6 Polearms
 + Level 2.3 Throwing
 + Level 0.4 Armour
 + Level 4.3 Dodging


You had 2 spell levels left.
You didn't know any spells.
Your spell library contained the following spells:

 Spells                   Type           Power      Damage    Failure   Level
 Apportation              Tloc           0%         N/A       52%         1
 Necrotise                Necr           0%         1d4       52%         1
 Summon Small Mammal      Summ           0%         N/A       52%         1
 Vampiric Draining        Necr           0%         2d6       87%         3
 Agony                    Necr           0%         N/A       100%        5


Dungeon Overview and Level Annotations

Branches:
Dungeon (2/15)

Altars:

Shops:
D:2 :

Annotations:
D:2 Robin


Innate Abilities, Weirdness & Mutations

((You are very nimble when in or above water. (Stealth+, EV+, Speed+++)))
Your lower body shifts to a powerful aquatic tail in water.


Message History

The goblin barely misses you.
You hit the goblin but do no damage. The goblin hits you with a +0 dagger.
A goblin comes into view. It is wielding a +0 dagger.
The goblin hits you with a +0 dagger.
You are too injured to fight recklessly!
You are too injured to fight recklessly!
You are too injured to fight recklessly!
You are too injured to fight recklessly!
You are too injured to fight recklessly!
You are too injured to fight recklessly!
You are too injured to fight recklessly!
You are too injured to fight recklessly!
You are too injured to fight recklessly!
You are too injured to fight recklessly!
You are too injured to fight recklessly!
You are too injured to fight recklessly!
You are too injured to fight recklessly!
You are too injured to fight recklessly!
You are too injured to fight recklessly!
You closely miss the goblin. The goblin misses you.
The goblin closely misses you.
An adder comes into view.
You puncture the goblin!
You kill the goblin!
Robin throws the goblin at you! The goblin barely misses you.
You closely miss the goblin. The goblin hits you with a +0 dagger.
* * * LOW HITPOINT WARNING * * *
The goblin hits you with a +0 dagger.
* * * LOW HITPOINT WARNING * * *
The goblin attacks as you move away! The goblin closely misses you.
The goblin hits you with a +0 dagger.
* * * LOW HITPOINT WARNING * * *
The goblin unwields a +0 dagger.
The goblin wields a +0 sling.
The goblin shoots a sling bullet.
The sling bullet closely misses you.
Unknown command.
You aren't carrying any potions.
The goblin attacks as you move away! The goblin barely misses you.
The goblin no longer looks unusually strong.
The goblin attacks as you move away! The goblin hits you with a +0 dagger.
You die...

#####.# #.# #...
#.....###.# #..#
#.####....# #.g#
##.........######gS#
.................gg#
##.####.##########g#
##.####.# #)#
.......†##########g#
................@g)#
...#################
#### #


You could see 2 goblins.

Vanquished Creatures
  An adder (D:2)
  A dart slug (D:1)
  A giant cockroach (D:1)
  5 goblins
  2 hobgoblins
  2 quokkas
  2 ball pythons (D:1)
  A bat (D:1)
  A frilled lizard (D:1)
  2 kobolds (D:1)
  2 rats (D:1)
20 creatures vanquished.

Notes
Turn   | Place    | Note
-------+----------+-------------------------------------------
     0 | D:1      | qeuew the Merfolk Gladiator began the quest for the Orb.
     0 | D:1      | Reached XP level 1. HP: 16/16 MP: 1/1
   400 | D:1      | Reached XP level 2. HP: 23/23 MP: 2/2
   969 | D:2      | Found Ilolod's Vocational Training.
   976 | D:2      | Reached XP level 3. HP: 28/28 MP: 3/3
  1037 | D:2      | Noticed Robin
  1050 | D:2      | HP: 1/28 [goblin/+0 dagger[Robin] (2)]
  1052 | D:2      | Slain by a goblin

Illustrated notes

Levels and vault maps discovered:
D:1:      ebering_trefoil_3fold, layout_loops_corners
D:2:      layout_loops_ring, nicolae_shop_vocational, uniq_robin

Action                   || total
-------------------------++-------
Melee: Trident           ||    55
       Punch             ||     1
  Use: Scroll            ||     2
       Potion            ||     2
Armor: Leather armour    ||     7
Dodge: Dodged            ||    32

Table legend: (Time is in decaauts)
 A = Elapsed time spent in this place.
 B = Non-inter-level travel time spent in this place.
 C = Inter-level travel time spent in this place.
 D = Time resting spent in this place.
 E = Time spent auto-exploring this place.
 F = Levels seen in this place.
 G = Mean time per level.
                   A        B        C        D        E       F      G
               +--------+--------+--------+--------+--------+-----+--------+
         Total |   1056 |   1016 |     40 |     35 |    848 |   2 |  528.0 |
       Dungeon |   1056 |   1016 |     40 |     35 |    848 |   2 |  528.0 |
               +--------+--------+--------+--------+--------+-----+--------+

Top non-repeatable levels by time:
     D:1: 912 daAuts
     D:2: 144 daAuts
